 Dungeon Crawl Stone Soup version 0.29-a0-878-g7b45a56547 (webtiles) character file.

Game seed: 5770181472141123642

163 Garessta the Slasher (level 5, -1/38 HPs)
             Began as a Demonspawn Gladiator on July 20, 2022.
             Splashed by a jelly's acid (5 damage)
             ... on level 2 of the Dungeon.
             The game lasted 00:06:15 (2193 turns).

Garessta the Slasher (Demonspawn Gladiator)         Turns: 2193, Time: 00:06:16

Health: -1/38      AC: -2    Str: 14    XL:     5   Next: 20%
Magic:  0/8        EV: 12    Int:  9    God:
Gold:   43         SH:  0    Dex: 17    Spells: 9/9 levels left

rFire   . . .      SeeInvis .   h - +2 short sword (venom)
rCold   . . .      Faith    .   (no shield)
rNeg    + . .      Spirit   +   b - +0 leather armour
rPois   .          Reflect  .   c - +0 helmet
rElec   .          Harm     .   (no cloak)
rCorr   .          Rampage  .   o - +1 pair of gloves
Will    .....                   (no boots)
Stlth   +.........              n - amulet of guardian spirit
HPRegen 0.12/turn               t - ring of positive energy
MPRegen 0.11/turn               (no ring)

@: corroded
A: demonic magic 1, weakness stinger 1
a: no special abilities


You were on level 2 of the Dungeon.
You visited 1 branch of the dungeon, and saw 2 of its levels.

You collected 43 gold pieces.

Inventory:

Hand Weapons
 h - a +2 short sword of venom (weapon)
Missiles
 d - 3 throwing nets (quivered)
 e - a javelin
 i - 3 poisoned darts
Armour
 b - a +0 leather armour (worn)
 c - a +0 helmet (worn)
 o - a +1 pair of gloves (worn)
Jewellery
 n - an amulet of guardian spirit (around neck)
 t - a ring of positive energy (left hand)
Scrolls
 g - a scroll of immolation {unknown}
 j - 2 scrolls of teleportation {unknown}
 k - a scroll of noise {unknown}
 p - 2 scrolls of identify {unknown}
Potions
 f - 3 potions of haste
 q - a potion of lignification
 r - a potion of brilliance {unknown}
 s - a potion of magic {unknown}


   Skills:
 - Level 2.0 Fighting
 + Level 2.8(3.6) Short Blades
 - Level 3.3(3.9) Long Blades
 - Level 1.7 Throwing
 - Level 2.7 Dodging
 + Level 2.5 Spellcasting


You had 9 spell levels left.
You didn't know any spells.
Your spell library contained the following spells:

 Spells                   Type           Power      Damage    Failure   Level
 Tukima's Dance           Hex            1%         N/A       77%         3
 Passage of Golubria      Tloc           1%         N/A       99%         4
 Yara's Violent Unravell  Hex/Tmut       0%         3d3       100%        5


Dungeon Overview and Level Annotations

Branches:
Dungeon (2/15)

Altars:


Innate Abilities, Weirdness & Mutations

Spells you cast may paralyse adjacent enemies.
You have a small tail.


Message History

The endoplasm hits you but does no damage.
You hit the endoplasm.
The endoplasm looks as sick as possible!
The endoplasm is severely wounded.
You kill the endoplasm!
You hit the jelly.
Your hands burn!
The jelly is lightly wounded.
The jelly hits you but does no damage.
You hit the jelly. The acid corrodes you!
Your hands burn!
You tail-slap the jelly.
The jelly is heavily wounded.
The jelly hits you but does no damage.
You hit the jelly.
The jelly is poisoned.
Your hands burn!
The jelly is severely wounded.
The jelly barely misses you.
You hit the jelly.
The jelly looks as sick as possible!
Your hands burn!
Your tail-slap misses the jelly.
The jelly is almost dead.
The jelly hits you.
You are splashed with acid.
You hit the jelly.
You kill the jelly!
You have reached level 5!
You hit the jelly.
Your hands burn!
The jelly is lightly wounded.
The jelly hits you but does no damage.
You are too injured to fight recklessly!
You hit the jelly but do no damage.
Your hands burn!
* * * LOW HITPOINT WARNING * * *
You tail-slap the jelly, but do no damage.
The jelly is lightly wounded.
The jelly misses you.
You hit the jelly but do no damage. The acid corrodes you!
Your hands burn!
* * * LOW HITPOINT WARNING * * *
You tail-slap the jelly, but do no damage.
You punch the jelly, but do no damage.
The jelly is lightly wounded.
The jelly hits you.
* * * LOW HITPOINT WARNING * * *
You are splashed with acid!
You die...

##.##.....)............).........
..(....#############.......[)....
###.#..# ##########....... #....#
##.#########...... ###....#
#.#.#....###.....# .......#
#.#.#.....##....## ##.##..#
#)#'#.)....'..### ##.##..#
#.#........'..# ##.##..#
#@#........'..# .......#
#J#.......##..# .......#
.P.J.÷'##......####.# .......#
.JJ÷..# ######## .# ......>#
###### .# ...##..####### .#
#...#........### ####
...)...........## #...#
.......##........ ####.....


You could see a jelly.

Vanquished Creatures
  A jelly (D:2)
  Natasha (thrice) (D:2)
  An adder (D:2)
  4 ball pythons (D:1)
  5 endoplasms (D:2)
  7 goblins
  5 hobgoblins
  12 kobolds
  3 quokkas (D:2)
  4 bats
  2 frilled lizards (D:1)
  2 rats
49 creatures vanquished.

Vanquished Creatures (others)
  3 fungi (D:2)
  10 toadstools (D:2)
13 creatures vanquished.

Grand Total: 62 creatures vanquished

Notes
Turn   | Place    | Note
-------+----------+-------------------------------------------
     0 | D:1      | Garessta the Demonspawn Gladiator began the quest for the
                  | Orb.
     0 | D:1      | Reached XP level 1. HP: 16/16 MP: 1/1
   130 | D:1      | Found a faded altar of an unknown god.
   206 | D:1      | Reached skill level 3 in Long Blades
   309 | D:1      | Gained mutation: Spells you cast may paralyse adjacent
                  | enemies. [demonic ancestry]
   309 | D:1      | Reached XP level 2. HP: 22/22 MP: 2/2
   730 | D:1      | Reached skill level 1 in Short Blades
  1003 | D:2      | Noticed Natasha
  1018 | D:2      | Noticed a crimson imp
  1225 | D:2      | Discovered your monstrous ancestry.
  1225 | D:2      | Gained mutation: You have a small tail. [demonic ancestry]
  1225 | D:2      | Reached XP level 3. HP: 22/27 MP: 3/3
  1374 | D:2      | Reached skill level 1 in Spellcasting
  1380 | D:2      | Killed Natasha
  1381 | D:2      | Reached XP level 4. HP: 22/33 MP: 4/6
  1430 | D:2      | Noticed Natasha
  1439 | D:2      | Killed Natasha
  1592 | D:2      | Noticed Natasha
  1600 | D:2      | Killed Natasha
  2191 | D:2      | Reached XP level 5. HP: 20/38 MP: 2/8
  2193 | D:2      | Splashed by a jelly's acid

Illustrated notes

Levels and vault maps discovered:
D:1:      mushboom_english_gardens, layout_basic, serial_bayou,
          serial_bayou_ford_a, serial_bayou_shore_b, serial_bayou_pond_e,
          serial_bayou_shore_b, ebering_ecumenical_altar_sacrificial
D:2:      cheibrodos_fertilizer, layout_rooms, uniq_natasha

Skill      XL: |  1  2  3  4 |
---------------+-------------+-----
Long Blades    | 3 |  3.3
Short Blades   | 1 2 |  2.8
Spellcasting   | 1 2 |  2.5
Fighting       | |  2.0
Throwing       | |  1.7
Dodging        | |  2.7

Action                   |  1- 3 |  4- 6 || total
-------------------------+-------+-------++-------
Melee: Long sword        |    31 |       ||    31
       Short sword       |    58 |    51 ||   109
       Tailslap          |     1 |     8 ||     9
       Punch             |       |     1 ||     1
  Use: Potion            |       |     3 ||     3
 Stab: Sleeping          |     1 |       ||     1
Armor: Leather armour    |    29 |    17 ||    46
       Skin              |       |     7 ||     7
Dodge: Dodged            |    55 |    27 ||    82

Table legend: (Time is in decaauts)
 A = Elapsed time spent in this place.
 B = Non-inter-level travel time spent in this place.
 C = Inter-level travel time spent in this place.
 D = Time resting spent in this place.
 E = Time spent auto-exploring this place.
 F = Levels seen in this place.
 G = Mean time per level.
                   A        B        C        D        E       F      G
               +--------+--------+--------+--------+--------+-----+--------+
         Total |   2208 |   2155 |     53 |    202 |   1585 |   2 | 1104.0 |
       Dungeon |   2208 |   2155 |     53 |    202 |   1585 |   2 | 1104.0 |
               +--------+--------+--------+--------+--------+-----+--------+

Top non-repeatable levels by time:
     D:1: 1374 daAuts
     D:2: 833 daAuts
